Map: Torres Crepusculares

Players

TheZergLord - Winner!

  • Race: Zerg Zerg
  • League: Master

JaKaTaK

  • Race: Zerg Zerg
  • League: Grandmaster

VOD

Have the link to the VOD?

Description

Time

  • Played on: May 3, 2016, 9:28 a.m.
  • Length: 11:51
Show
View Real Time Build Order
Export as new Build Order

TheZergLord Zerg - Winner!

Build Orders: Hatch First 

Get SALT Encoding   

  12  0:01  Drone  
  13  0:12  Overlord  
  13  0:17  Drone  
  14  0:30  Drone  
  14  0:31  Drone  
  14  0:34  Drone  
  17  0:51  Hatchery  
  17  0:54  Drone  
  17  1:08  Spawning Pool  
  17  1:10  Extractor  
  15  1:14  Drone  
  15  1:17  Drone  
  17  1:26  Drone  
  17  1:28  Drone  
  19  1:40  Overlord  
  19  1:50  Drone  
  20  1:55  Queen  
  20  2:00  Zergling x2  
  23  2:03  Queen  
  23  2:04  Drone  
  26  2:11  Drone, Metabolic Boost  
  28  2:15  Drone  
  28  2:26  Drone x2  
  30  2:33  Drone  
  30  2:35  Drone  
  32  2:43  Hatchery  
  31  2:48  Baneling Nest  
  30  2:53  Drone x2  
  30  2:57  Overlord  
  32  3:01  Zergling x2  
  32  3:04  Zergling x4  
  35  3:07  Zergling x2  
  35  3:17  Zergling x4  
  35  3:18  Zergling x6  
  40  3:41  Overlord x2  
  40  3:43  Drone x3  
  40  3:46  Roach Warren  
  40  3:47  Extractor  
  41  3:49  Drone x2  
  41  3:51  Baneling x6  
  41  3:52  Baneling  
  37  4:23  Queen  
  36  4:25  Drone x7  
  36  4:27  Roach x4  
  36  4:28  Roach  
  36  4:31  Zergling x2  
  54  4:32  Zergling x2  
  55  4:40  Roach x2  
  59  4:46  Zergling x4  
  61  4:53  Roach x2  
  61  4:54  Roach  
  61  5:05  Roach x3  
  61  5:06  Zergling x4  
  53  5:18  Roach x3  
  53  5:19  Zergling x4  
  57  5:30  Drone x3  
  57  5:31  Drone  
  61  5:36  Drone x3  
  61  5:37  Roach  
  65  5:53  Baneling x3  
  65  5:54  Baneling x3  
  65  6:09  Overlord x2  
  65  6:12  Overlord  
  65  6:15  Lair  
  64  6:31  Drone  
  64  6:32  Drone  
  66  6:33  Evolution Chamber, Drone x11  
  66  6:34  Roach  
  66  6:35  Roach x3  
  84  6:49  Overlord x2, Extractor  
  84  6:52  Roach x2  
  87  6:59  Zerg Missile Weapons Level 1  
  87  7:04  Drone x2  
  87  7:06  Overlord x3  
  89  7:09  Roach x2  
  89  7:11  Drone x5  
  98  7:20  Drone x2  
  98  7:21  Drone x2  
  102  7:25  Glial Reconstitution  
  102  7:27  Roach  
  104  7:30  Drone x2  
  104  7:31  Extractor  
  104  7:33  Drone x3  
  108  7:38  Roach  
  108  7:39  Roach x3  
  108  7:42  Overlord  
  108  7:43  Drone x3  
  119  7:46  Extractor  
  118  7:53  Overseer  
  118  8:04  Extractor  
  117  8:08  Roach x5  
  117  8:09  Roach  
  120  8:24  Roach x6  
  120  8:25  Roach x4  
  127  8:35  Roach  
  127  8:39  Overlord x4  
  117  8:53  Drone  
  118  8:56  Zerg Missile Weapons Level 2  
  118  8:58  Roach x11  
  140  9:07  Roach x3  
  140  9:08  Hatchery  
  145  9:12  Roach  
  147  9:18  Roach x3  
  147  9:19  Roach x2  
  161  9:24  Roach x2  
  161  9:31  Overlord x4  
  157  9:51  Roach x6  
  157  9:52  Roach x5  
  179  9:57  Ravager  
  180  10:00  Ravager  
  180  10:02  Ravager  
  180  10:03  Ravager x3  
  180  10:05  Overlord x3  
  185  10:07  Hatchery  
  184  10:22  Queen  
  184  10:27  Roach  
  184  10:28  Roach x5  
  198  10:29  Ravager  
  167  10:58  Roach  
  167  10:59  Roach x19  
  167  11:00  Roach  
  195  11:16  Roach x2  
Show
View Real Time Build Order
Export as new Build Order

JaKaTaK Zerg 

Build Orders: Hatch First, Zergling Baneling 

Get SALT Encoding   

  12  0:01  Drone  
  13  0:12  Overlord  
  13  0:19  Drone  
  14  0:30  Drone  
  14  0:31  Drone  
  14  0:34  Drone  
  17  0:53  Hatchery  
  17  0:56  Drone  
  17  1:14  Spawning Pool  
  17  1:15  Drone  
  17  1:17  Drone  
  18  1:19  Extractor  
  18  1:22  Drone  
  18  1:28  Drone  
  19  1:38  Drone  
  20  1:52  Drone  
  21  1:56  Hatchery  
  20  2:10  Queen  
  20  2:12  Queen  
  24  2:16  Zergling x2  
  24  2:19  Zergling x2  
  26  2:24  Metabolic Boost  
  26  2:29  Drone  
  27  2:32  Drone  
  28  2:37  Overlord  
  28  2:47  Baneling Nest  
  28  2:49  Drone  
  28  3:00  Drone x5  
  33  3:15  Drone x4  
  33  3:18  Queen  
  39  3:30  Roach Warren, Drone  
  38  3:34  Baneling x2  
  38  3:35  Zergling x4  
  38  3:37  Zergling x2  
  38  3:40  Zergling x2  
  42  3:42  Overlord  
  42  3:54  Baneling x2  
  42  3:56  Baneling x2  
  41  4:05  Zergling x16  
  41  4:06  Zergling x2  
  46  4:18  Zergling x10  
  43  4:25  Zergling x4  
  45  4:31  Queen  
  45  4:33  Queen  
  49  4:40  Overlord  
  49  4:43  Baneling x5  
  49  4:55  Zergling x6  
  44  5:11  Zergling x18  
  49  5:17  Lair  
  48  5:28  Drone x4  
  47  5:36  Roach x2  
  51  5:45  Drone x4  
  54  5:50  Overlord  
  54  5:53  Extractor  
  54  5:56  Overlord  
  53  5:59  Drone x3  
  56  6:10  Drone x2  
  56  6:11  Extractor, Drone x3  
  61  6:18  Roach x2  
  64  6:25  Roach x3  
  68  6:31  Queen  
  70  6:38  Roach x2  
  74  6:51  Overlord x3  
  74  6:53  Glial Reconstitution  
  74  6:57  Evolution Chamber  
  73  7:10  Drone x11  
  73  7:12  Extractor  
  73  7:14  Drone  
  84  7:22  Drone x5  
  89  7:26  Zerg Missile Weapons Level 1  
  88  7:40  Drone x2  
  88  7:41  Drone x7  
  88  7:42  Drone  
  98  7:49  Overlord x3  
  98  8:12  Roach x7  
  110  8:18  Roach x8  
  118  8:21  Roach x2  
  118  8:25  Roach  
  114  8:27  Queen  
  114  8:31  Roach x2  
  114  8:32  Queen  
  112  8:34  Queen  
  108  8:42  Roach x6  
  108  8:45  Roach x2  
  120  8:50  Ravager  
  120  8:51  Ravager  
  120  8:53  Overlord  
  120  8:54  Overlord  
  122  9:02  Overlord x3  
  122  9:06  Extractor  
  122  9:09  Extractor  
  118  9:12  Ravager x6  
  124  9:18  Roach  
  124  9:19  Roach x2  
  124  9:22  Roach  
  130  9:32  Roach x4  
  138  9:38  Roach  
  138  9:39  Roach x4  
  138  9:44  Roach x4  
  156  9:47  Hatchery  
  156  9:50  Overlord  
  155  10:01  Roach x3  
  155  10:04  Overlord x4  
  161  10:11  Roach x2  
  161  10:12  Roach x2  
  169  10:14  Pneumatized Carapace  
  169  10:15  Overseer  
  169  10:20  Hydralisk Den  
  168  10:26  Roach x5  
  180  10:35  Roach  
  180  10:36  Roach x2  
  180  10:40  Roach x3  
  147  10:59  Roach x2  
  147  11:00  Roach x7  
  130  11:04  Roach x2  
  128  11:11  Roach  
  128  11:12  Roach  
  128  11:17  Roach x8  
  148  11:24  Roach x4  
Tags
 
Add a new tag
Caveats
  • Supply blocks, unpowered buildings, or Contaminate may cause inaccurate times.
  • Supply counts are checked every 10 seconds.